AoeStats
← Terran-test

Arena

509031957Analyzed
2v2 RM · 6d ago on Sep 25, 2026· 70m 8s· 4 players
Game mode
Random Map
Map size
Medium (4 player)
Population
200
Speed
Normal
Resources
Standard
Victory
Conquest
Starting age
Dark Age
Ending age
Imperial Age
RankedLock teamsTeams togetherTeam positionsShared explorationLock speedFull tech treeHidden civsTurbo modeCheats
Victory
Defeat
🇨🇴 Bulgarians · Colombia
646
+11
🇨🇴 Huns · Colombia
541
+15
🇲🇽 Chinese · Mexico
530
-13
🇨🇱 Romans · Chile
522
-13
jibrano1404
0:26 Loom
10:07 Feudal Age
11:00 Horse Collar
18:00 Castle Age
16:25 Double-Bit Axe
26:46 Bow Saw
29:44 Wheelbarrow
28:55 Pikeman
29:38 Squires
30:56 Hand Cart
31:23 Forging
31:13 Scale Mail Armor
34:10 Town Watch
36:56 Imperial Age
34:49 Heavy Plow
37:36 Iron Casting
37:16 Chain Mail Armor
36:52 Fletching
37:02 Padded Archer Armor
37:14 Elite Skirmisher
38:00 Thumb Ring
38:54 Stone Mining
38:56 Gold Mining
38:39 Halberdier
41:29 Two-Man Saw
40:38 Town Patrol
42:13 Blast Furnace
41:43 Plate Mail Armor
41:09 Bodkin Arrow
41:30 Leather Archer Armor
42:36 Stone Shaft Mining
42:39 Gold Shaft Mining
43:27 Plate Mail Armor
43:15 Leather Archer Armor
43:46 Arson
47:07 Conscription
47:14 Bracer
47:45 Ring Archer Armor
47:29 Elite Chu Ko Nu
51:08 Scale Barding Armor
51:26 Rocketry
51:17 Heavy Rocket Cart
51:21 Heavy Scorpion
Terran-test
10:53 Feudal Age
12:14 Wheelbarrow
11:28 Double-Bit Axe
11:26 Horse Collar
22:36 Fletching
26:17 Castle Age
25:52 Gold Mining
25:54 Stone Mining
25:46 Man-at-Arms
26:50 Crossbowman
31:30 Heavy Plow
33:36 Loom
36:45 Imperial Age
35:18 Loom
36:47 Bow Saw
Yefrenn
7:27 Loom
11:44 Feudal Age
12:14 Horse Collar
12:23 Double-Bit Axe
14:59 Wheelbarrow
15:40 Arson
21:02 Fletching
23:01 Bloodlines
27:09 Castle Age
29:19 Pikeman
30:00 Squires
29:46 Gambesons
30:58 Hand Cart
31:31 Stirrups
34:34 Imperial Age
33:45 Light Cavalry
34:26 Husbandry
34:34 Stone Mining
34:35 Gold Mining
34:45 Gold Mining
35:42 Bodkin Arrow
35:48 Padded Archer Armor
37:05 Stone Shaft Mining
36:50 Leather Archer Armor
37:05 Elite Skirmisher
37:51 Thumb Ring
42:36 Bracer
42:43 Scale Barding Armor
42:49 Forging
43:23 Town Watch
43:42 Heavy Plow
44:06 Chain Barding Armor
43:32 Heavy Scorpion
45:52 Murder Holes
46:05 Siege Engineers
47:37 Iron Casting
49:13 Gold Shaft Mining
51:00 Blast Furnace
50:38 Plate Barding Armor
50:04 Scale Mail Armor
51:09 Chemistry
50:30 Ballistics
51:11 Redemption
50:31 Capped Ram
59:43 Elite Konnik
60:24 Bagains
60:58 Hussar
theanturi
10:52 Feudal Age
18:40 Castle Age
20:12 Crossbowman
28:45 Imperial Age
28:50 Light Cavalry
29:43 Bloodlines
32:19 Loom
32:28 Double-Bit Axe
32:31 Horse Collar
34:06 Bow Saw
34:02 Heavy Plow
34:09 Marauders
41:01 Chemistry
43:51 Wheelbarrow
43:05 Town Watch
57:59 Hussar
58:42 Husbandry
58:53 Scale Barding Armor
61:03 Ballistics
Connection lost

Rejoining the realm…

Still unreachable

The connection could not be restored.

Session expired

The server has moved on; the page needs a fresh start.